 Dungeon Crawl Stone Soup version 0.26.1-11-gd32895ea62 (webtiles) character file.

Game seed: 3100664246357245793

2489 Hank the Spear-Bearer (level 9, -13/78 HPs)
             Began as a Minotaur Fighter on May 3, 2021.
             Was an Elder of Okawaru.
             Mangled by an orc warlord
             ... wielding a +0 battleaxe
              (29 damage)
             ... in a bailey.
             The game lasted 01:03:01 (9908 turns).

Hank the Spear-Bearer (Minotaur Fighter)            Turns: 9908, Time: 01:03:01

Health: -13/78     AC: 19    Str: 25    XL:     9   Next: 27%
Magic:  8/8        EV:  6    Int:  9    God:    Okawaru [****..]
Gold:   99         SH: 12    Dex:  9    Spells: 8/8 levels left

rFire    + + .     SeeInvis +   a - +2 trident (venom)
rCold    + . .     Faith    +   c - +1 kite shield
rNeg     . . .     Spirit   .   s - +4 plate armour
rPois    .         Reflect  .   w - +0 hat
rElec    .         Harm     .   B - scarf {rC+ rF+}
rCorr    .         Rampage  .   m - +0 pair of gloves
Will     +....                  (no boots)
Stlth    ..........             v - amulet "Yciasakh" {Faith *Drain rF+ Will+ Int+4}
HPRegen  0.23/turn              g - ring of stealth
MPRegen  0.11/turn              y - ring of see invisible

@: mighty, very slightly contaminated, invisible
A: retaliatory headbutt, horns 2
a: Renounce Religion, Heroism


You were in a bailey.
You worshipped Okawaru.
Okawaru was greatly pleased with you.
You visited 2 branches of the dungeon, and saw 9 of its levels.
You also visited: Bailey.

You collected 474 gold pieces.
You spent 375 gold pieces at shops.

Inventory:

Hand Weapons
 a - a +2 trident of venom (weapon)
Missiles
 b - 2 throwing nets
 u - 23 poisoned darts
 A - 33 boomerangs (quivered)
Armour
 c - a +1 kite shield (worn)
 m - a +0 pair of gloves (worn)
 s - a +4 plate armour (worn)
 w - a +0 hat (worn)
 B - a scarf of resistance (worn)
Jewellery
 f - a cursed amulet of inaccuracy {unknown}
 g - a ring of stealth (left hand)
 v - the amulet "Yciasakh" (around neck) {Faith *Drain rF+ Will+ Int+4}
   (You acquired it on level 5 of the Dungeon)

   [amulet of faith]

   It allows you to gain divine favour quickly.
   It affects your intelligence (+4).
   It protects you from fire.
   It affects your willpower, your defense against some magical effects.
   It causes draining when unequipped.
 y - a ring of see invisible (right hand)
 D - an uncursed ring of poison resistance {unknown}
Wands
 r - a wand of random effects (24)
 x - a wand of acid (11)
Scrolls
 j - a scroll of remove curse
 k - 3 scrolls of fear
 t - a scroll of magic mapping
 E - 2 scrolls of teleportation
Potions
 d - 3 potions of might
 e - a potion of cancellation {unknown}
 h - 8 potions of curing
 i - 2 potions of lignification
 n - 2 potions of haste
 o - a potion of berserk rage
 z - 2 potions of flight
 F - a potion of brilliance {unknown}


   Skills:
 + Level 6.8 Fighting
 + Level 9.6 Polearms
 + Level 2.0 Throwing
 + Level 8.1 Armour
 + Level 2.1 Dodging
 + Level 7.0 Shields


You had 8 spell levels left.
You didn't know any spells.
Your spell library was empty.

Dungeon Overview and Level Annotations

Branches:
Dungeon (8/15)             Temple (1/1) D:5          Bailey (1/1)
   Lair: D:8-11

Altars:
Ashenzari
Cheibriados
Dithmenos
Elyvilon
Fedhas
Gozag
Hepliaklqana
Makhleb
Nemelex Xobeh
Okawaru
Qazlal
Ru
Sif Muna
Trog
Uskayaw
Vehumet
Wu Jian
Xom
Yredelemnul
Zin

Shops:
D:5 !?


Innate Abilities, Weirdness & Mutations

You reflexively headbutt those who attack you in melee.
You have a pair of horns on your head.


Message History

The orc warlord hits you with a +0 battleaxe!!
You hit the orc warlord.
You headbutt the orc warlord, but do no damage.
The orc warlord is severely wounded.
You puncture the orc warlord!
The orc warlord looks as sick as possible!
The orc warlord is almost dead.
You block the orc warlord's attack.
You closely miss the orc warlord. You headbutt the orc warlord.
The orc warlord is almost dead.
The orc warlord hits you with a +0 battleaxe!!
* * * LOW HITPOINT WARNING * * *
You hit the orc warlord but do no damage.
The orc warlord looks as sick as possible!
The orc warlord is almost dead.
You hit the orc warlord.
The orc warlord looks as sick as possible!
The orc warlord is almost dead.
The orc warlord hits you with a +0 battleaxe!!
You die...

....#≈≈≈≈≈#..........#
....'.....'..........#
..#########.....)8...#
.##≈≈≈ ≈ ####......##
.#≈}.. .≈#≈≈#.....##
.#≈?.. ....≈#....##
.##8.8 .8.8≈##.))#
..#... ....≈≈'...#
..#... ....≈≈'o@.#
..#... ....≈≈)).=#
.##8.8 .8.8≈##...#
.#≈?.. ....≈#....##
.#≈).. .≈#≈≈#.....##
.##≈≈≈ ####......##
..#########......8...#
..[.'..†..'..........#
....#≈≈≈≈≈#).).......#


You could see an orc warlord (extremely poisoned).

Vanquished Creatures
  A troll (D:8)
  A wyvern (D:8)
  2 orc warriors (Bailey)
  A sky beast (D:5)
  3 ice beasts
  A phantom (D:1)
  3 ogres
  A centaur (D:8)
  Blork the orc (D:6)
  3 bullfrogs
  4 scorpions
  A howler monkey (D:8)
  A centaur zombie (D:7)
  2 hounds (D:7)
  2 orc priests (D:6)
  A centaur skeleton (D:7)
  2 orc wizards (D:6)
  A bullfrog skeleton (D:5)
  An iguana (D:7)
  5 worker ants
  5 gnolls
  4 adders
  2 shadow imps
  4 white imps
  An ufetubus (D:6)
  An ooze (D:2)
  2 adder skeletons (D:4)
  An adder zombie (D:7)
  6 worms
  A dart slug (D:2)
  3 leopard geckos
  7 orcs
  4 giant cockroaches
  7 goblins
  6 hobgoblins
  2 jackals (D:1)
  6 quokkas
  5 bats
  5 frilled lizards
  A jackal skeleton (D:7)
  A jackal zombie (D:7)
  20 kobolds
  A quokka skeleton (D:5)
  7 rats
139 creatures vanquished.

Vanquished Creatures (others)
  8 plants (D:5)
8 creatures vanquished.

Grand Total: 147 creatures vanquished

Notes
Turn   | Place    | Note
-------+----------+-------------------------------------------
     0 | D:1      | Hank the Minotaur Fighter began the quest for the Orb.
     0 | D:1      | Reached XP level 1. HP: 19/19 MP: 0/0
   296 | D:1      | Reached XP level 2. HP: 27/27 MP: 1/1
   570 | D:2      | Found an iron altar of Okawaru.
   581 | D:2      | Became a worshipper of Warmaster Okawaru
   931 | D:2      | Reached XP level 3. HP: 33/33 MP: 2/2
  1222 | D:2      | Noticed a phantom
  1323 | D:1      | Killed a phantom
  1323 | D:1      | Reached * piety under Okawaru
  1324 | D:1      | Reached skill level 3 in Polearms
  1324 | D:1      | Reached skill level 1 in Throwing
  1324 | D:1      | Reached skill level 1 in Dodging
  1324 | D:1      | Reached XP level 4. HP: 26/41 MP: 3/3
  1324 | D:1      | Reached XP level 5. HP: 29/47 MP: 4/4
  1649 | D:3      | Found an ornate altar of the Wu Jian Council.
  1907 | D:3      | Reached skill level 4 in Polearms
  2822 | D:3      | Found a sparkling altar of Nemelex Xobeh.
  3005 | D:4      | Noticed an ogre
  3016 | D:4      | Killed an ogre
  3017 | D:4      | Reached skill level 5 in Armour
  3694 | D:4      | Reached XP level 6. HP: 50/55 MP: 5/5
  3921 | D:4      | Reached skill level 5 in Fighting
  4094 | D:4      | Found a stormy altar of Qazlal.
  4429 | D:5      | Entered Level 5 of the Dungeon
  4439 | D:5      | Found a staircase to the Ecumenical Temple.
  4628 | D:5      | Reached skill level 5 in Polearms
  4759 | D:5      | Found Guudag's Distillery.
  4776 | D:5      | Found Qothrig's Magic Scroll Emporium.
  4782 | D:5      | Bought a scroll of identify for 20 gold pieces
  4782 | D:5      | Bought a scroll of identify for 20 gold pieces
  4840 | D:5      | Bought a potion of heal wounds for 65 gold pieces
  4978 | D:5      | Noticed an ice beast
  4987 | D:5      | Killed an ice beast
  4987 | D:5      | Reached ** piety under Okawaru
  4997 | D:5      | Reached XP level 7. HP: 61/61 MP: 6/6
  5046 | D:5      | Reached skill level 5 in Shields
  5400 | D:5      | Found a shimmering blue altar of Sif Muna.
  5407 | D:5      | Reached skill level 6 in Polearms
  5593 | Temple   | Entered the Ecumenical Temple
  5978 | D:5      | Identified a scroll of acquirement
  5978 | D:5      | Acquired the amulet "Yciasakh" {Faith *Drain rF+ Will+
                  | Int+4}
  5986 | D:5      | Bought a scroll of blinking for 75 gold pieces
  6016 | D:5      | Bought a potion of might for 52 gold pieces
  6228 | D:6      | Found a blossoming altar of Fedhas.
  6466 | D:6      | Noticed Blork the orc
  6496 | D:5      | Reached skill level 7 in Polearms
  6948 | D:5      | Bought a potion of invisibility for 104 gold pieces
  6948 | D:5      | Bought a potion of curing for 39 gold pieces
  7311 | D:6      | Killed Blork the orc
  7312 | D:6      | Reached XP level 8. HP: 30/70 MP: 7/7
  7575 | D:6      | Reached *** piety under Okawaru
  7926 | D:7      | Reached skill level 8 in Polearms
  7999 | D:7      | Found a white marble altar of Elyvilon.
  9098 | D:8      | Noticed a troll
  9110 | D:8      | Killed a troll
  9110 | D:8      | Reached **** piety under Okawaru
  9111 | D:8      | Reached skill level 9 in Polearms
  9428 | D:8      | Reached XP level 9. HP: 78/78 MP: 8/8
  9511 | D:8      | Found a flagged portal.
  9533 | Bailey   | Entered a bailey
  9591 | Bailey   | Noticed an orc warlord
  9745 | Bailey   | Found a runed translucent gate.
  9753 | Bailey   | Found a runed translucent gate.
  9754 | Bailey   | Found a runed translucent gate.
  9908 | Bailey   | Mangled by an orc warlord

Illustrated notes

Levels and vault maps discovered:
D:1:      minmay_arrival_wavy_path, layout_rooms, serial_curves, eino_curves_02,
          eino_curves_02
D:2:      layout_loops_ring, okawaru_metal_pillars_1_2
D:3:      minmay_recursive_quarters, layout_basic, nzn_wu_jian_contemplation,
          nemelex_altar_shiori
D:4:      layout_gridville, kennysheep_mini_moat
D:5:      layout_loops_cross, lemuel_crystal_altar,
          minmay_temple_entry_gardened_gates, serial_shops, shop_statue, shop
D:6:      layout_rooms, fedhas_altar_fruit_tree, uniq_blork_the_orc
D:7:      layout_gridville, elyvilon_altar_3
D:8:      layout_gridville, nicolae_tso_swordbearing_angel, enter_bailey_2,
          uniq_grum
Temple:   dpeg_chambers_temple
Bailey:   bailey_axe_bossmonster_kennysheep, bailey

Skill      XL: |  1  2  3  4  5  6  7  8  9 |
---------------+----------------------------+-----
Fighting       | 4 5 6 |  6.8
Shields        | 4 5 6 7 |  7.0
Armour         | 4 5 6 7 8 |  8.1
Polearms       | 3 4 5 7 9 |  9.6
Throwing       | 1 2 |  2.0
Dodging        | 1 2 |  2.1

Action                   |  1- 3 |  4- 6 |  7- 9 || total
-------------------------+-------+-------+-------++-------
Melee: Trident           |    92 |   122 |   213 ||   427
       Headbutt          |    11 |    21 |    45 ||    77
Throw: Stone             |    18 |     6 |     3 ||    27
       Boomerang         |       |       |    51 ||    51
  Use: Scroll            |     6 |     5 |    19 ||    30
       Potion            |       |       |     5 ||     5
 Stab: Invisible         |       |       |     1 ||     1
Armor: Scale mail        |    25 |    35 |       ||    60
       Chain mail        |       |     2 |    63 ||    65
       Plate armour      |       |       |    18 ||    18
Dodge: Dodged            |    22 |    29 |    43 ||    94
Block: Kite shield       |    26 |    45 |   112 ||   183
